[Event "1st Sivas Buruciye Open 2019"]
[Site "Sivas"]
[Date "2019.08.19"]
[Round "1"]
[White "Basaran, Cahit"]
[Black "Yilmaz, Huseyin"]
[Result "1-0"]
[ECO "B35"]
[WhiteElo "1834"]
[BlackElo "1369"]
[Annotator "NA RC"]
[PlyCount "115"]
[EventDate "2019.08.19"]
[EventType "swiss"]
[EventCountry "TUR"]
[SourceTitle "playchess.com"]
[Source "ChessBase"]
[SourceQuality "1"]
[TimeControl "5400+30"]

1. e4 c5 2. Nf3 Nc6 3. d4 cxd4 4. Nxd4 g6 5. Be3 Bg7 6. Nc3 Nf6 7. Bc4 O-O 8. f3 a6 9. Qd2 e6 10. Bb3 d5 11. O-O-O Na5 12. exd5 Nxb3+ 13. Nxb3 exd5 14. Nxd5 Nxd5 15. Qxd5 Qf6 16. Bd4 Qf4+ 17. Kb1 Be6 18. Qe4 Qc7 19. Qe3 Bf5 20. Rd2 Rfe8 21. Qf2 Bh6 22. Re2 Rxe2 23. Qxe2 Rc8 24. Bc3 b5 25. Nd4 Bd7 26. g3 Bg7 27. Rd1 Bxd4 28. Rxd4 a5 29. Qd2 Bf5 30. a3 Ra8 31. Rd5 b4 32. axb4 axb4 33. Be5 Qb6 34. g4 Be6 35. Qd4 Qxd4 36. Rxd4 b3 37. cxb3 Bxb3 38. Rd3 Be6 39. Bf6 h5 40. h3 hxg4 41. hxg4 Kf8 42. b4 Rb8 43. Rd4 Ke8 44. Kc2 Bd7 45. Kd3 Rb6 46. g5 Rb7 47. Kc4 Rb8 48. Kc5 Rb5+ 49. Kd6 Rb6+ 50. Kc7 Rc6+ 51. Kb7 Rc2 52. b5 Rc5 53. b6 Bc6+ 54. Kb8 Bd5 55. b7 Kd7 56. Ka7 Kc6 57. Bd8 Rc1 58. Rxd5 1-0

[Event "1st Sivas Buruciye Open 2019"]
[Site "Sivas"]
[Date "2019.08.19"]
[Round "1"]
[White "Kiziltas, Inanc Vefa"]
[Black "Gurer, Oguz Kagan"]
[Result "1-0"]
[ECO "B53"]
[WhiteElo "1826"]
[BlackElo "1353"]
[Annotator "NA RC"]
[PlyCount "51"]
[EventDate "2019.08.19"]
[EventType "swiss"]
[EventCountry "TUR"]
[SourceTitle "playchess.com"]
[Source "ChessBase"]
[SourceQuality "1"]
[TimeControl "5400+30"]

1. e4 c5 2. Nf3 d6 3. d4 cxd4 4. Qxd4 Nc6 5. Bb5 Bd7 6. Bxc6 Bxc6 7. c4 Nf6 8. Nc3 e6 9. O-O Be7 10. h3 h6 11. Be3 O-O 12. Rfd1 a6 13. a4 Qa5 14. Rab1 d5 15. cxd5 Rfd8 16. b4 Qc7 17. Qc4 exd5 18. exd5 Rd6 19. Bf4 Rad8 20. Bxd6 Rxd6 21. b5 Qc8 22. dxc6 Re6 23. Nd4 Re5 24. cxb7 Qxb7 25. bxa6 Qa8 26. Nc6 1-0

[Event "1st Sivas Buruciye Open 2019"]
[Site "Sivas"]
[Date "2019.08.19"]
[Round "1"]
[White "Duru, Adem"]
[Black "Ercan, Mehmet Fahri"]
[Result "0-1"]
[ECO "A48"]
[WhiteElo "1516"]
[BlackElo "1854"]
[Annotator "NA RC"]
[PlyCount "70"]
[EventDate "2019.08.19"]
[EventType "swiss"]
[EventCountry "TUR"]
[SourceTitle "playchess.com"]
[Source "ChessBase"]
[SourceQuality "1"]
[TimeControl "5400+30"]

1. d4 Nf6 2. Nf3 g6 3. Bg5 Bg7 4. Nbd2 d6 5. h3 O-O 6. e4 c5 7. c3 Nc6 8. Rc1 cxd4 9. cxd4 Qa5 10. d5 Nxe4 11. dxc6 Nxg5 12. Nxg5 Qxg5 13. c7 Bxb2 14. Rb1 Bc3 15. Rb3 Qa5 16. Qc2 Bxd2+ 17. Qxd2 Qxc7 18. Be2 Be6 19. Rb2 a6 20. O-O Rfc8 21. Bf3 Rab8 22. h4 b5 23. h5 Qc3 24. hxg6 hxg6 25. Qxc3 Rxc3 26. a4 b4 27. Be2 a5 28. Re1 Rbc8 29. Kf1 Rc2 30. Rxc2 Rxc2 31. Bd3 Ra2 32. Bb5 b3 33. Rb1 Rc2 34. Bd3 Rc3 35. Ke2 Rxd3 0-1

[Event "1st Sivas Buruciye Open 2019"]
[Site "Sivas"]
[Date "2019.08.19"]
[Round "1"]
[White "Ilek, Kadir Bertan"]
[Black "Yontar, Sabrican Onay"]
[Result "1-0"]
[ECO "C50"]
[WhiteElo "1384"]
[BlackElo "1881"]
[Annotator "NA"]
[PlyCount "97"]
[EventDate "2019.08.19"]
[EventType "swiss"]
[EventCountry "TUR"]
[TimeControl "5400+30"]

1. e4 e5 2. Nf3 Nc6 3. d4 exd4 4. Bc4 Nf6 5. O-O d6 6. Nxd4 Bd7 7. Nc3 Be7 8. Re1 O-O 9. Bf4 a6 10. Nd5 b5 11. Bf1 Nxd5 12. Nxc6 Bxc6 13. exd5 Bb7 14. Qd2 Bf6 15. c3 Qd7 16. Bg5 Bxg5 17. Qxg5 f6 18. Qd2 Rfe8 19. g3 Qf5 20. Bg2 Re5 21. f4 Ree8 22. Rxe8+ Rxe8 23. Re1 Rxe1+ 24. Qxe1 Kf8 25. Qe4 Bc8 26. Qxf5 Bxf5 27. Kf2 Bb1 28. a3 g5 29. Ke3 Kg7 30. Bh3 Kg6 31. Bc8 a5 32. Bd7 Ba2 33. Kd4 gxf4 34. gxf4 Bb3 35. Ke4 Bc2+ 36. Ke3 Bb3 37. Kd4 h6 38. Ke4 Bc4 39. Be8+ Kg7 40. Kd4 a4 41. Ke4 Kf8 42. Bh5 Ke7 43. Kd4 f5 44. Bd1 Kf6 45. Bxa4 Be2 46. Bc2 Kg6 47. Bd3 Bf3 48. Bxb5 Kh5 49. a4 1-0

[Event "1st Sivas Buruciye Open 2019"]
[Site "Sivas"]
[Date "2019.08.19"]
[Round "1"]
[White "Erdogan, Celalettin"]
[Black "Khvadagiani, Nika"]
[Result "0-1"]
[ECO "D37"]
[WhiteElo "1347"]
[BlackElo "1880"]
[Annotator "NA RC"]
[PlyCount "60"]
[EventDate "2019.08.19"]
[EventType "swiss"]
[EventCountry "TUR"]
[SourceTitle "playchess.com"]
[Source "ChessBase"]
[SourceQuality "1"]
[TimeControl "5400+30"]

1. d4 Nf6 2. c4 e6 3. Nc3 d5 4. a3 b6 5. Nf3 Be7 6. e3 O-O 7. cxd5 exd5 8. Ne5 Bb7 9. Be2 Nbd7 10. f4 Ne4 11. O-O Nxe5 12. fxe5 f6 13. Nxe4 dxe4 14. Qe1 fxe5 15. Rxf8+ Qxf8 16. dxe5 Qf5 17. Qg3 Rd8 18. Bg4 Qg6 19. b4 Ba6 20. Bb2 h5 21. Bd1 Qf7 22. Bc2 Rd2 23. e6 Qf8 24. Rc1 Rxc2 25. Qe1 Rxb2 26. Rxc7 Bd3 27. Rc1 Qf6 28. Qg3 Qxe6 29. Qb8+ Kh7 30. Qe8 Qg6 0-1

[Event "1st Sivas Buruciye Open 2019"]
[Site "Sivas"]
[Date "2019.08.19"]
[Round "1"]
[White "Aghayeva, Gulsanam"]
[Black "Sibli, Murat Yigit"]
[Result "1-0"]
[ECO "E01"]
[WhiteElo "1280"]
[BlackElo "1583"]
[Annotator "NA RC"]
[PlyCount "81"]
[EventDate "2019.08.19"]
[EventType "swiss"]
[EventCountry "TUR"]
[SourceTitle "playchess.com"]
[Source "ChessBase"]
[SourceQuality "1"]
[TimeControl "5400+30"]

1. g3 Nf6 2. Bg2 d5 3. c4 e6 4. Nf3 Bd6 5. d4 c6 6. c5 Bc7 7. a3 Nbd7 8. b4 O-O 9. Bb2 Re8 10. O-O e5 11. e3 exd4 12. Nxd4 Ne5 13. Nd2 Bd7 14. Qc2 Qc8 15. Rfe1 Neg4 16. e4 dxe4 17. Nxe4 Nxe4 18. Rxe4 Nf6 19. Rxe8+ Qxe8 20. Nf5 Bxf5 21. Qxf5 Rd8 22. Bxf6 gxf6 23. Be4 Qe5 24. Qxh7+ Kf8 25. Re1 Re8 26. Re3 Re6 27. Bg6 fxg6 28. Rxe5 Bxe5 29. Qxg6 Bd4 30. Qh6+ Kf7 31. Qh7+ Kf8 32. Qxb7 Re2 33. Qb8+ Kf7 34. Qc7+ Kg6 35. Qxc6 Bxf2+ 36. Kf1 Ra2 37. Qe4+ Kg7 38. c6 Bb6 39. c7 Ra1+ 40. Kg2 Ra2+ 41. Kh3 1-0

[Event "1st Sivas Buruciye Open 2019"]
[Site "Sivas"]
[Date "2019.08.20"]
[Round "2"]
[White "Khvadagiani, Nika"]
[Black "Isfandiyarli, Kamal"]
[Result "1-0"]
[ECO "D30"]
[WhiteElo "1880"]
[BlackElo "1684"]
[Annotator "NA RC"]
[PlyCount "61"]
[EventDate "2019.08.19"]
[EventType "swiss"]
[EventCountry "TUR"]
[SourceTitle "playchess.com"]
[Source "ChessBase"]
[SourceQuality "1"]
[TimeControl "5400+30"]

1. d4 d5 2. c4 e6 3. e3 Nf6 4. Nf3 Bd6 5. Nbd2 Nbd7 6. Bd3 c5 7. O-O O-O 8. e4 cxd4 9. cxd5 exd5 10. exd5 Ne5 11. Nc4 Bg4 12. Bg5 Nxf3+ 13. gxf3 Bh3 14. Re1 Bb4 15. Re5 h6 16. Bh4 b5 17. Nd2 Qd6 18. Bg3 Qd7 19. Ne4 Nxd5 20. Qb3 Be6 21. Rxd5 Qxd5 22. Qxb4 f5 23. Nc5 Rac8 24. Nxe6 Qxe6 25. Bf4 Qd5 26. Qb3 Rfd8 27. Bxb5 d3 28. Rd1 g5 29. Be3 f4 30. Bxa7 d2 31. Rxd2 1-0

[Event "1st Sivas Buruciye Open 2019"]
[Site "Sivas"]
[Date "2019.08.20"]
[Round "2"]
[White "Ercan, Mehmet Fahri"]
[Black "Yogunali, Mete"]
[Result "1-0"]
[ECO "B01"]
[WhiteElo "1854"]
[BlackElo "1687"]
[Annotator "NA RC"]
[PlyCount "83"]
[EventDate "2019.08.19"]
[EventType "swiss"]
[EventCountry "TUR"]
[SourceTitle "playchess.com"]
[Source "ChessBase"]
[SourceQuality "1"]
[TimeControl "5400+30"]

1. e4 d5 2. exd5 Qxd5 3. Nc3 Qa5 4. d4 c6 5. Nf3 Nf6 6. Bd3 Bg4 7. h3 Bxf3 8. Qxf3 Nbd7 9. O-O e6 10. Bf4 Be7 11. Rfe1 O-O 12. g4 Nd5 13. Nxd5 cxd5 14. g5 Rfe8 15. h4 g6 16. c3 Bf8 17. h5 Bg7 18. hxg6 hxg6 19. Qg3 Rac8 20. Kg2 a6 21. Rh1 e5 22. Be3 e4 23. Be2 Qb6 24. Bg4 Re7 25. Rh4 Rce8 26. Rah1 f5 27. gxf6 Nxf6 28. Bd1 Kf7 29. Bb3 Qc6 30. Qg5 Rg8 31. Rf4 Rd7 32. Rh3 Ke7 33. Rxe4+ dxe4 34. Bxg8 Kf8 35. Bb3 Nh5 36. Rh4 Bf6 37. Qh6+ Bg7 38. Qg5 Bf6 39. Qh6+ Bg7 40. Qh7 Qf6 41. Qg8+ Ke7 42. Rxe4+ 1-0

[Event "1st Sivas Buruciye Open 2019"]
[Site "Sivas"]
[Date "2019.08.20"]
[Round "2"]
[White "Demir, Ugur"]
[Black "Gultekin, Celal"]
[Result "1-0"]
[ECO "C00"]
[WhiteElo "1790"]
[BlackElo "1501"]
[Annotator "NA RC"]
[PlyCount "52"]
[EventDate "2019.08.19"]
[EventType "swiss"]
[EventCountry "TUR"]
[SourceTitle "playchess.com"]
[Source "ChessBase"]
[SourceQuality "1"]
[TimeControl "5400+30"]

1. e4 e6 2. Qe2 c5 3. Nf3 Nc6 4. g3 Be7 5. Bg2 Nf6 6. e5 Nd5 7. c4 Ndb4 8. d3 d6 9. a3 Na6 10. exd6 Qxd6 11. Nc3 O-O 12. Be3 e5 13. Nd5 Bd8 14. O-O f5 15. Nd2 f4 16. gxf4 exf4 17. Bxf4 Qg6 18. Bg3 Nd4 19. Ne7+ Kf7 20. Bd5+ Be6 21. Qe5 Kxe7 22. Qd6+ Kf7 23. Rae1 Bxd5 24. Qxd5+ Ne6 25. Nf3 Kg8 26. Ne5 Qf5 1-0

[Event "1st Sivas Buruciye Open 2019"]
[Site "Sivas"]
[Date "2019.08.20"]
[Round "2"]
[White "Deveci, Halit"]
[Black "Basaran, Cahit"]
[Result "1/2-1/2"]
[ECO "C30"]
[WhiteElo "1637"]
[BlackElo "1834"]
[Annotator "NA RC"]
[PlyCount "146"]
[EventDate "2019.08.19"]
[EventType "swiss"]
[EventCountry "TUR"]
[SourceTitle "playchess.com"]
[Source "ChessBase"]
[SourceQuality "1"]
[TimeControl "5400+30"]

1. e4 e5 2. f4 d6 3. Nf3 Nc6 4. Bc4 Be7 5. O-O Nf6 6. d3 O-O 7. h3 a6 8. a4 Bd7 9. Nc3 exf4 10. Bxf4 Be6 11. Nd5 Bxd5 12. exd5 Nb8 13. Nd4 c6 14. dxc6 bxc6 15. Nf5 d5 16. Bb3 Re8 17. Qf3 Bf8 18. g4 h6 19. h4 Nh7 20. Be3 Nd7 21. Bd4 Ne5 22. Qf4 f6 23. Rae1 Qc7 24. Kg2 Bd6 25. Nxd6 Qxd6 26. Re2 Nf8 27. Qg3 Re6 28. g5 hxg5 29. hxg5 Nfd7 30. gxf6 Rxf6 31. Rxf6 Qxf6 32. Bxe5 Nxe5 33. Qxe5 Qg6+ 34. Kf1 Rf8+ 35. Rf2 Rxf2+ 36. Kxf2 Qh6 37. Qe3 Qh2+ 38. Ke1 Qh4+ 39. Kd1 Qh1+ 40. Kd2 Qh2+ 41. Kc3 Qd6 42. d4 a5 43. Qe5 Qh6 44. Bxd5+ cxd5 45. Qxd5+ Kh7 46. Qxa5 Qe3+ 47. Kc4 g5 48. Qf5+ Kh6 49. a5 Kh5 50. a6 Qe2+ 51. Qd3 Qe6+ 52. Kb4 Qb6+ 53. Ka3 Qa5+ 54. Kb3 Qb6+ 55. Ka4 Qc6+ 56. Ka3 g4 57. b4 Qb6 58. Qh7+ Kg5 59. Qb7 Qxd4 60. a7 Qc3+ 61. Ka4 Qxc2+ 62. Ka5 Qa2+ 63. Kb6 Qf2+ 64. Kc7 Qf4+ 65. Kc8 Qf8+ 66. Kd7 Qf7+ 67. Kc6 Qf3+ 68. Kb6 Qe3+ 69. Ka5 Qa3+ 70. Kb5 Qd3+ 71. Ka4 Qc2+ 72. Ka5 Qa2+ 73. Kb6 Qf2+ 1/2-1/2

[Event "1st Sivas Buruciye Open 2019"]
[Site "Sivas"]
[Date "2019.08.20"]
[Round "2"]
[White "Aslan, Muhammed Sadik"]
[Black "Kiziltas, Inanc Vefa"]
[Result "0-1"]
[ECO "B13"]
[WhiteElo "1543"]
[BlackElo "1826"]
[Annotator "NA RC"]
[PlyCount "65"]
[EventDate "2019.08.19"]
[EventType "swiss"]
[EventCountry "TUR"]
[SourceTitle "playchess.com"]
[Source "ChessBase"]
[SourceQuality "1"]
[TimeControl "5400+30"]

1. e4 c6 2. d4 d5 3. exd5 cxd5 4. Nf3 Bf5 5. Bd3 Bg6 6. Bf4 Nc6 7. c3 e6 8. O-O Bd6 9. Bg3 Nf6 10. Qe2 Bxg3 11. fxg3 Bxd3 12. Qxd3 Ne4 13. Nbd2 f5 14. b4 a6 15. a4 O-O 16. Rab1 Rc8 17. Rfc1 Qe7 18. Nb3 g5 19. Nfd2 h5 20. Nc5 e5 21. Ndxe4 fxe4 22. Qe2 exd4 23. Qxh5 d3 24. Qg6+ Kh8 25. Qh6+ Qh7 26. Qxg5 Rf5 27. Qe3 Ne5 28. h3 Nc4 29. Qd4+ Qg7 30. Qxg7+ Kxg7 31. Ne6+ Kh6 32. Rf1 Rxf1+ 33. Rxf1 0-1

[Event "1st Sivas Buruciye Open 2019"]
[Site "Sivas"]
[Date "2019.08.20"]
[Round "2"]
[White "Ates, Bilge Kaan"]
[Black "Yuksel, Davut Can"]
[Result "1/2-1/2"]
[ECO "B97"]
[WhiteElo "1434"]
[BlackElo "1799"]
[Annotator "NA RC"]
[PlyCount "102"]
[EventDate "2019.08.19"]
[EventType "swiss"]
[EventCountry "TUR"]
[SourceTitle "playchess.com"]
[Source "ChessBase"]
[SourceQuality "1"]
[TimeControl "5400+30"]

1. e4 c5 2. Nf3 d6 3. d4 cxd4 4. Nxd4 Nf6 5. Nc3 a6 6. Bg5 e6 7. f4 Qb6 8. Qd2 Be7 9. O-O-O Nbd7 10. Bc4 O-O 11. Rhe1 h6 12. e5 dxe5 13. fxe5 hxg5 14. exf6 Nxf6 15. Qxg5 Qc5 16. Qxc5 Bxc5 17. Nb3 Bb4 18. Be2 Bxc3 19. bxc3 Nd5 20. Bf3 Nxc3 21. Rd4 Nb5 22. Rd3 Rb8 23. Red1 e5 24. a4 Nc7 25. Nc5 b6 26. Nd7 Bxd7 27. Rxd7 Ne6 28. Ra7 Nc5 29. Rd6 Rfd8 30. Rc6 Rdc8 31. Rd6 b5 32. Bd5 bxa4 33. Rxf7 Kh7 34. Rf3 g6 35. Rf7+ Kh6 36. Rff6 Nd3+ 37. Kd2 Nf4 38. Be4 Rd8 39. g3 Rxd6+ 40. Rxd6 Rb4 41. gxf4 Rxe4 42. fxe5 Rxe5 43. Rxa6 Re4 44. Kd3 Rh4 45. c4 a3 46. c5 Rxh2 47. c6 Rh1 48. Kc2 Rh2+ 49. Kb3 Rh1 50. Kc4 Rc1+ 51. Kd5 Rd1+ 1/2-1/2

[Event "1st Sivas Buruciye Open 2019"]
[Site "Sivas"]
[Date "2019.08.20"]
[Round "2"]
[White "Capraz, Arda"]
[Black "Yucekaya, Ahmetcan"]
[Result "1-0"]
[ECO "C01"]
[WhiteElo "1384"]
[BlackElo "1098"]
[Annotator "NA RC"]
[PlyCount "149"]
[EventDate "2019.08.19"]
[EventType "swiss"]
[EventCountry "TUR"]
[SourceTitle "playchess.com"]
[Source "ChessBase"]
[SourceQuality "1"]
[TimeControl "5400+30"]

1. e4 e5 2. Nf3 Nf6 3. Nxe5 d6 4. Nf3 Nxe4 5. d3 Nf6 6. d4 d5 7. Bd3 Be6 8. O-O Be7 9. Ne5 Nc6 10. Bb5 Bd7 11. Nxd7 Qxd7 12. Re1 O-O 13. c3 Rfe8 14. h3 a6 15. Bd3 Bd6 16. Be3 Ne4 17. Nd2 f5 18. Nxe4 dxe4 19. Bc4+ Kh8 20. Qd2 Rf8 21. Bf4 Bxf4 22. Qxf4 b5 23. Bf1 Ne7 24. Rad1 Ng6 25. Qd2 Rf6 26. c4 c6 27. Rc1 Rd8 28. Red1 h6 29. cxb5 cxb5 30. Rc5 Rc6 31. Rxc6 Qxc6 32. Qa5 Rd6 33. Qc3 Qd5 34. a4 bxa4 35. Qc8+ Kh7 36. Bc4 Rc6 37. Bxd5 Rxc8 38. Be6 Rc2 39. Bxf5 Rxb2 40. Bxe4 a3 41. Ra1 a2 42. g3 h5 43. Kg2 Kh6 44. Bd5 Rd2 45. Rxa2 Rxa2 46. Bxa2 Kg5 47. h4+ Kf6 48. Kf3 Ne7 49. Ke4 Nc8 50. Kd5 Ke7 51. Kc6 a5 52. Kb5 Kf6 53. Kxa5 Kf5 54. f3 g5 55. Bb1+ Kf6 56. Kb4 gxh4 57. gxh4 Ne7 58. Kc5 Ke6 59. d5+ Nxd5 60. Ba2 Kf5 61. Bxd5 Kf4 62. Kd4 Kg3 63. Ke5 Kxh4 64. f4 Kg4 65. f5 Kg5 66. Ke6 h4 67. f6 h3 68. f7 h2 69. f8=Q h1=Q 70. Bxh1 Kg4 71. Bb7 Kg3 72. Qf3+ Kh4 73. Qg2 Kh5 74. Kf5 Kh6 75. Qg6# 1-0

[Event "1st Sivas Buruciye Open 2019"]
[Site "Sivas"]
[Date "2019.08.20"]
[Round "3"]
[White "Sandalakis, Angelos"]
[Black "Tofan, Ibrahim"]
[Result "1/2-1/2"]
[ECO "E04"]
[WhiteElo "2439"]
[BlackElo "2055"]
[Annotator "NA"]
[PlyCount "102"]
[EventDate "2019.08.19"]
[EventType "swiss"]
[EventCountry "TUR"]
[SourceTitle "playchess.com"]
[Source "ChessBase"]
[SourceQuality "1"]
[TimeControl "5400+30"]

1. d4 Nf6 2. c4 e6 3. g3 d5 4. Bg2 dxc4 5. Nf3 c5 6. O-O Nc6 7. dxc5 Qxd1 8. Rxd1 Bxc5 9. Nbd2 O-O 10. Nxc4 Ng4 11. e3 e5 12. Rd5 Be7 13. Nfxe5 Ngxe5 14. Nxe5 Nxe5 15. Rxe5 Rd8 16. Bd2 Bf6 17. Rd5 Be6 18. Rxd8+ Rxd8 19. Bc3 Bxc3 20. bxc3 b6 21. a4 Rd2 22. Be4 f5 23. Bb7 Rc2 24. Ra3 g5 25. a5 g4 26. Kg2 b5 27. e4 fxe4 28. Bxe4 Rc1 29. f4 Re1 30. Bd3 a6 31. Kf2 Rh1 32. Ke3 Rxh2 33. Be4 h5 34. f5 Bc4 35. Ra1 Kg7 36. Bb7 Kf6 37. Kd4 h4 38. gxh4 Rxh4 39. Bxa6 g3+ 40. Ke3 g2 41. Rg1 Rh3+ 42. Kd4 Bf1 43. Bb7 Rd3+ 44. Kc5 Rxc3+ 45. Kb6 b4 46. Bxg2 Bd3 47. a6 Bxa6 48. Kxa6 Rg3 49. Kb5 b3 50. Kc4 b2 51. Rb1 Rxg2 1/2-1/2

[Event "1st Sivas Buruciye Open 2019"]
[Site "Sivas"]
[Date "2019.08.20"]
[Round "3"]
[White "Saraci, Nderim"]
[Black "Bayramov, Elvin"]
[Result "1/2-1/2"]
[ECO "D77"]
[WhiteElo "2398"]
[BlackElo "2198"]
[Annotator "NA"]
[PlyCount "157"]
[EventDate "2019.08.19"]
[EventType "swiss"]
[EventCountry "TUR"]
[SourceTitle "playchess.com"]
[Source "ChessBase"]
[SourceQuality "1"]
[TimeControl "5400+30"]

1. Nf3 Nf6 2. g3 g6 3. Bg2 Bg7 4. O-O O-O 5. d4 d5 6. c4 dxc4 7. Na3 Be6 8. Ng5 Bd5 9. e4 h6 10. exd5 hxg5 11. d6 Nc6 12. dxe7 Qxe7 13. Nxc4 Rad8 14. Bxc6 bxc6 15. Bxg5 Qe6 16. Rc1 Rd5 17. Re1 Ne4 18. Qc2 Rxd4 19. Be3 Qd5 20. h4 Rd3 21. Rcd1 Rxd1 22. Rxd1 Qf5 23. Qe2 Re8 24. Kg2 Qb5 25. Qc2 c5 26. Qd3 Qa6 27. a3 Bf6 28. Qb3 Qc6 29. Na5 Qa8 30. Qb7 Bxb2 31. Qxa8 Rxa8 32. Nc4 Bg7 33. Rd5 Bf8 34. Rd7 Nd6 35. Ne5 Re8 36. Nc6 Nc4 37. Bf4 a6 38. Rxc7 Nxa3 39. Na5 Ra8 40. Be5 Nb5 41. Rd7 Re8 42. f4 Bg7 43. Bxg7 Kxg7 44. Nc4 Rc8 45. Kf2 Rc7 46. Rd8 Re7 47. Rc8 Nd4 48. Ne5 f6 49. Nd3 Re2+ 50. Kf1 Rd2 51. Nxc5 Nf5 52. Rc7+ Kf8 53. Ke1 Ra2 54. Rc6 a5 55. Rxf6+ Kg7 56. Ra6 Nxg3 57. Ne6+ Kg8 58. Nd4 Kh7 59. Nc6 a4 60. Nb4 Ra1+ 61. Kd2 Kh6 62. Ra5 Nf5 63. Nc2 Rh1 64. Rxa4 Rh2+ 65. Kd3 Rxh4 66. Ne1 Rh3+ 67. Ke2 Rh2+ 68. Kf3 Rd2 69. Re4 Kh5 70. Re8 Nd4+ 71. Kg3 Kh6 72. Rh8+ Kg7 73. Ra8 Rd1 74. Kf2 Ne6 75. Ra4 Nc5 76. Rc4 Ne6 77. Nf3 Kf6 78. Rc6 Ke7 79. Ne5 1/2-1/2

[Event "1st Sivas Buruciye Open 2019"]
[Site "Sivas"]
[Date "2019.08.20"]
[Round "3"]
[White "Sevdimaliyev, Urfan"]
[Black "Rahimli, Ilkin"]
[Result "1/2-1/2"]
[ECO "B90"]
[WhiteElo "2348"]
[BlackElo "1992"]
[Annotator "NA"]
[PlyCount "53"]
[EventDate "2019.08.19"]
[EventType "swiss"]
[EventCountry "TUR"]
[SourceTitle "playchess.com"]
[Source "ChessBase"]
[SourceQuality "1"]
[TimeControl "5400+30"]

1. e4 c5 2. Nf3 d6 3. d4 cxd4 4. Nxd4 Nf6 5. Nc3 a6 6. Be3 e5 7. Nb3 Be7 8. f4 Ng4 9. Qe2 Nxe3 10. Qxe3 exf4 11. Qxf4 Be6 12. h4 Bf6 13. O-O-O Be5 14. Qf3 Nd7 15. Nd4 Qf6 16. Nf5 Bxf5 17. exf5 Bxc3 18. Qxc3 Qxc3 19. bxc3 Ke7 20. Rh3 Ne5 21. c4 Rac8 22. Rb3 Rc7 23. Rb6 Rd8 24. Rd4 Rdd7 25. g4 Rc5 26. g5 f6 27. gxf6+ 1/2-1/2

[Event "1st Sivas Buruciye Open 2019"]
[Site "Sivas"]
[Date "2019.08.20"]
[Round "3"]
[White "Arman, Deniz"]
[Black "Annaberdiev, Meilis"]
[Result "1/2-1/2"]
[ECO "B22"]
[WhiteElo "2347"]
[BlackElo "2518"]
[Annotator "ChessBase"]
[PlyCount "200"]
[EventDate "2019.08.19"]
[EventType "swiss"]
[EventCountry "TUR"]
[SourceTitle "playchess.com"]
[Source "ChessBase"]
[SourceQuality "1"]
[TimeControl "5400+30"]

1. e4 c5 2. Nf3 e6 3. c3 Nf6 4. e5 Nd5 5. d4 cxd4 6. cxd4 d6 7. Bc4 Be7 8. Bxd5 exd5 9. Nc3 Be6 10. Bf4 Nc6 11. O-O O-O 12. h3 dxe5 13. Nxe5 Nxe5 14. Bxe5 Qd7 15. Qa4 Qxa4 16. Nxa4 Rfc8 17. Rac1 b6 18. Bf4 Rc4 19. Rxc4 dxc4 20. Nc3 Rd8 21. Rd1 Bf5 22. Nb5 a6 23. Nc7 Bf6 24. Nxa6 Rxd4 25. Rxd4 Bxd4 26. Bc1 Be4 27. Nb4 b5 28. Kf1 f5 29. f3 Bb7 30. a3 Kf7 31. Na2 Ke6 32. Nc3 Bc6 33. Ke2 Bf6 34. Be3 h5 35. Kf2 h4 36. f4 Be7 37. g3 hxg3+ 38. Kxg3 b4 39. axb4 Bxb4 40. Bd4 g6 41. Bb6 Bd6 42. Bd8 Bc5 43. Ba5 Be7 44. Bb6 Bf6 45. Be3 Be4 46. Bc5 Bc2 47. Be3 Kd6 48. Bb6 Be4 49. Be3 Bc6 50. Bb6 Be8 51. Be3 Kc6 52. Kf3 Bf7 53. Ke2 Be8 54. Kf3 Kb7 55. Bc5 Bc6+ 56. Kg3 Kc8 57. Bb6 Kd7 58. Bc5 Ke8 59. Bb6 Kf7 60. Bc5 Kg7 61. Bd6 Kh6 62. Nd1 Bd4 63. Be7 Kg7 64. Bb4 Kf7 65. Bc3 Bc5 66. Bh8 Ke6 67. Nc3 Be3 68. Bg7 Bb6 69. Be5 Bc5 70. Bg7 Bd6 71. Bd4 g5 72. Be3 Kf6 73. Ne2 Bd5 74. Kf2 g4 75. hxg4 fxg4 76. Ng3 Kg6 77. Bd2 Bc5+ 78. Be3 Be7 79. Bd4 Be6 80. Bc3 Bc5+ 81. Ke2 Bf5 82. Be1 Bd3+ 83. Kd2 Bb4+ 84. Kd1 Bd6 85. Bd2 Kf6 86. Be3 Ke6 87. Ke1 Kd5 88. Kf2 Be7 89. Bd2 Bh4 90. Bc3 Be4 91. Be5 Bf3 92. Bc3 Ke6 93. Bd4 Bd5 94. Bc3 Bf3 95. Bd4 Kd5 96. Bc3 Be7 97. Nf5 Bc5+ 98. Kg3 Ke4 99. Nh6 Bd6 100. Bd2 Kd3 1/2-1/2

[Event "1st Sivas Buruciye Open 2019"]
[Site "Sivas"]
[Date "2019.08.20"]
[Round "3"]
[White "Lortkipanidze, Nodar"]
[Black "Bagaturov, Giorgi"]
[Result "1/2-1/2"]
[ECO "B22"]
[WhiteElo "2336"]
[BlackElo "2417"]
[Annotator "NA"]
[PlyCount "36"]
[EventDate "2019.08.19"]
[EventType "swiss"]
[EventCountry "TUR"]
[SourceTitle "playchess.com"]
[Source "ChessBase"]
[SourceQuality "1"]
[TimeControl "5400+30"]

1. e4 c5 2. Nf3 Nc6 3. c3 Nf6 4. e5 Nd5 5. d4 cxd4 6. Bc4 e6 7. Bxd5 exd5 8. O-O d6 9. exd6 Bxd6 10. Re1+ Be6 11. Nxd4 O-O 12. Na3 Nxd4 13. Qxd4 Bxa3 14. bxa3 Re8 15. Bf4 Rc8 16. Qxa7 Rxc3 17. Qxb7 Rxa3 18. Be5 d4 1/2-1/2

[Event "1st Sivas Buruciye Open 2019"]
[Site "Sivas"]
[Date "2019.08.20"]
[Round "3"]
[White "Babayev, Talib"]
[Black "Yarashov, Azat"]
[Result "0-1"]
[ECO "A00"]
[WhiteElo "2288"]
[BlackElo "2156"]
[Annotator "NA"]
[PlyCount "72"]
[EventDate "2019.08.19"]
[EventType "swiss"]
[EventCountry "TUR"]
[SourceTitle "playchess.com"]
[Source "ChessBase"]
[SourceQuality "1"]
[TimeControl "5400+30"]

1. Nc3 g6 2. Nf3 Bg7 3. g3 d5 4. e4 dxe4 5. Nxe4 Nd7 6. Bg2 Ngf6 7. d3 O-O 8. O-O c6 9. Qe2 Nxe4 10. dxe4 e5 11. b3 Qa5 12. Bd2 Qc7 13. Bb4 Re8 14. Rad1 c5 15. Bc3 Nf8 16. Bb2 Ne6 17. Qc4 a6 18. a4 b5 19. Qc3 b4 20. Qe3 Nd4 21. Nxd4 cxd4 22. Qd2 a5 23. f4 f6 24. fxe5 fxe5 25. Rf2 Be6 26. Rdf1 Rf8 27. Bc1 Rxf2 28. Rxf2 Rf8 29. Rxf8+ Bxf8 30. Bf1 Be7 31. h4 Bc5 32. Bd3 Be7 33. Kg2 Qc8 34. Qf2 Kg7 35. Bd2 h6 36. Qf1 Bh3+ 0-1

[Event "1st Sivas Buruciye Open 2019"]
[Site "Sivas"]
[Date "2019.08.20"]
[Round "3"]
[White "Ghaffarifar, Matin"]
[Black "Bashirov, Teymur"]
[Result "0-1"]
[ECO "E35"]
[WhiteElo "2082"]
[BlackElo "2298"]
[Annotator "NA"]
[PlyCount "88"]
[EventDate "2019.08.19"]
[EventType "swiss"]
[EventCountry "TUR"]
[SourceTitle "playchess.com"]
[Source "ChessBase"]
[SourceQuality "1"]
[TimeControl "5400+30"]

1. d4 Nf6 2. c4 e6 3. Nc3 Bb4 4. Qc2 d5 5. cxd5 exd5 6. Bg5 h6 7. Bh4 Bxc3+ 8. bxc3 c5 9. dxc5 O-O 10. e3 Nbd7 11. Bd3 Nxc5 12. Ne2 Bd7 13. O-O Re8 14. Rab1 g5 15. Bg3 Nxd3 16. Qxd3 b6 17. Rb4 Qe7 18. Rd4 Rac8 19. h4 Qe6 20. Rc1 Rc5 21. hxg5 hxg5 22. a4 Bc8 23. Bh2 Kg7 24. Rb4 Ng4 25. Bg3 Bd7 26. Rd4 Rh8 27. f3 Nxe3 28. Bf2 Nc4 29. Rg4 f6 30. Nf4 Qf7 31. Rg3 Ne5 32. Qd2 Nc4 33. Qd4 Kg8 34. Re1 Rh4 35. Re7 Qxe7 36. Nxd5 Rxd5 37. Qxd5+ Be6 38. Qa8+ Kf7 39. Bd4 Qc7 40. Kf2 Rh1 41. Qe4 Nd2 42. Qc2 Rf1+ 43. Ke2 Bc4+ 44. Kxd2 Qf4+ 0-1